 Dungeon Crawl Stone Soup version 0.27-a0-1202-ge72e49191c (webtiles) character file.

Game seed: 18289713595650752783

25703 Majang the Thaumaturge (level 13, -22/94 HPs)
             Began as a Djinni Ice Elementalist on June 4, 2021.
             Was an Elder of Makhleb.
             Killed from afar by a bog body (39 damage)
             ... with a bolt of cold
             ... on level 2 of the Lair of Beasts.
             The game lasted 01:30:47 (20139 turns).

Majang the Thaumaturge (Djinni Ice Elementalist)   Turns: 20139, Time: 01:30:48

Health: -22/94     AC: 17    Str:  7    XL:     13   Next: 52%
Gold:   225        EV: 19    Int: 22    God:    Makhleb [****..] SH:  0 Dex: 20

rFire    + + +     SeeInvis .   a - +3 lajatang (vorpal)
rCold    . . .     Faith    .   (shield currently unavailable)
rNeg     + . .     Spirit   .   E - +2 robe {Will+}
rPois    ∞         Reflect  .   (no helmet)
rElec    +         Harm     .   g - +2 cloak
rCorr    +         Rampage  .   (no gloves)
Will     ++...                  (boots unavailable)
Stlth    ++........             (no amulet)
HPRegen  0.25/turn              B - +6 ring of dexterity
MPRegen  0.00/turn              D - ring of positive energy

@: ice-armoured, resistant, freezing walls, flying
A: sickness immunity, fire resistance 2, cold vulnerability 1, float, innate
caster, hp casting, extra vitality 1
a: Renounce Religion, Minor Destruction, Lesser Servant of Makhleb, Major
Destruction


You were on level 2 of the Lair of Beasts.
You worshipped Makhleb.
Makhleb was greatly pleased with you.
You visited 3 branches of the dungeon, and saw 13 of its levels.

You collected 967 gold pieces.
You spent 742 gold pieces at shops.

Inventory:

Hand Weapons
 a - a +3 vorpal lajatang (weapon)
 F - a +3 quarterstaff of protection
Missiles
 o - a curare-tipped dart
 s - a throwing net
 x - 5 boomerangs
Armour
 c - +0 acid dragon scales
 g - a +2 cloak (worn)
 E - a +2 robe of willpower (worn)
Magical Staves
 b - a staff of earth
Jewellery
 u - a ring of fire
 B - a +6 ring of dexterity (left hand)
 D - a ring of positive energy (right hand)
Wands
 d - a wand of charming (9)
 n - a wand of paralysis (7)
 t - a wand of digging (2)
 w - a wand of iceblast (12)
 y - a wand of flame (43)
Scrolls
 e - 3 scrolls of holy word
 f - 6 scrolls of teleportation
 h - 3 scrolls of identify
 j - 2 scrolls of noise
 m - 2 scrolls of enchant armour
 p - a scroll of fear
Potions
 i - a potion of resistance
 k - a potion of brilliance
 l - a potion of flight
 q - 2 potions of haste
 r - a potion of ambrosia {unknown}
 v - 3 potions of curing
 z - a potion of might
 A - a potion of berserk rage
 C - 2 potions of attraction
Miscellaneous
 G - a phantom mirror


   Skills:
 + Level 8.8 Fighting
 + Level 8.0 Staves
 + Level 9.9 Dodging
 - Level 1.5 Stealth
 * Level 13.1 Spellcasting
 + Level 7.3 Invocations


You had 3 spell levels left.
You knew the following spells:

 Your Spells              Type           Power      Damage    Failure   Level
a - Ozocubu's Armour      Ice            64%        N/A       1%          3
b - Inner Flame           Hex/Fire       64%        N/A       1%          3
e - Metabolic Englaciati  Hex/Ice        32%        N/A       1%          5
f - Freeze                Ice            100%       1d11      1%          1
g - Gell's Gravitas       Tloc           32%        N/A       1%          3
h - Hailstorm             Conj/Ice       64%        3d14      1%          4
l - Lee's Rapid Deconstr  Erth           32%        3d17*     1%          5
p - Pain                  Necr           100%       1d9       1%          1
r - Frozen Ramparts       Ice            100%       1d12      1%          3
w - Passwall              Tmut/Erth      53%        N/A       1%          2
W - Summon Forest         Summ/Tloc      32%        N/A       1%          5
Your spell library was empty.

Dungeon Overview and Level Annotations

Branches:
Dungeon (10/15)            Temple (1/1) D:7            Lair (2/6) D:10
  Swamp (0/4) Lair:2        Snake (0/4) Lair:2          Orc (0/2) D:10

Altars:
Ashenzari
Cheibriados
Dithmenos
Elyvilon
Fedhas
Gozag
Hepliaklqana
Kikubaaqudgha
Makhleb
Nemelex Xobeh
Okawaru
Qazlal
Ru
Sif Muna
Trog
Uskayaw
Vehumet
Wu Jian
Xom
Yredelemnul
Zin
The Shining One
Beogh

Shops:
D:4 [   D:10 [(

Annotations:
D:5 2 transporters
Lair:1 exclusion: 3 oklob plants


Innate Abilities, Weirdness & Mutations

You are immune to sickness and miasma.
You are immune to poison.
Your flesh is very heat resistant. (rF++)
You are vulnerable to cold. (rC-)
You float through the air rather than walking.
You learn spells naturally, not from books.
Your magical power is your life essence.
You have superior vitality. (+4 HP)


Message History

A cannonade of hail descends around you!
The hail pelts the bog body!
The bog body partially resists.
The bog body is moderately damaged.
The hail pelts the fungus!!
The fungus begins to die.
The fungus is lightly damaged.
The bog body gestures at you while chanting.
The bolt of cold hits you.
You feel a terrible chill!
The bolt of cold hits the fungus!
The bog body gestures at you while chanting.
The bolt of cold misses you.
A nearby fungus withers and dies.
Casting: Hailstorm (safe; 1% risk of failure)
Confirm with . or Enter, or press ? or * to list all spells.
You can't see any susceptible monsters within range! (Use Z to cast anyway.)
Casting: Hailstorm (safe; 1% risk of failure)
Confirm with . or Enter, or press ? or * to list all spells.
A film of ice covers your body!
a - a +3 vorpal lajatang (weapon)
Casting: Ozocubu's Armour (safe; 1% risk of failure)
Confirm with . or Enter, or press ? or * to list all spells.
Casting: Frozen Ramparts (safe; 1% risk of failure)
Press: ? - help, Dir - look around, f - activate The walls around you are covered in ice.
The bog body resists.
The wall freezes the bog body.
You closely miss the bog body.
The bog body is moderately damaged.
The bog body resists.
The wall freezes the bog body.
The bog body touches you. The bog body freezes you!!
You feel a terrible chill!
You slash the bog body!
The bog body is heavily damaged.
The bog body completely resists.
The wall freezes the bog body but does no damage.
The bog body touches you! The bog body freezes you!!
You feel a terrible chill!
* * * LOW HITPOINT WARNING * * *
Unknown command.
You feel protected.
The bog body resists.
The wall freezes the bog body.
The bog body casts a spell at you. The bolt of cold hits you!!!
You die...

.≈≈≈P..≈≈≈≈≈P#
##........ #..
.≈≈≈≈≈..≈≈≈P##
#P..##P.## ##.
.PP≈≈≈≈≈≈≈.## ##.##
### #. .PPP≈≈≈≈≈...
#.# ##. ..##..≈.#.###
######.# #.. .^
#.##..#. #.#.##.#
###P. ##..#...##
##.##. #........#
#P.... #.@#..#..#
##.#.# #.n#.....#
#..### #..##.....#
##..#
##....n...######.##
....?.≈≈≈§.........##
!....♣♣§§§§#####....#
#.##§ §>♣♣§# ##.....
## .§ ≈≈≈ §..........
## §§≈≈ ....##.....


You could see a bog body.

Vanquished Creatures
  2 hydras
  An ogre mage (D:10)
  The ghost of grizmgrazm2 the Ruffian, a novice TrTm of Ashenzari (D:8)
  2 two-headed ogres
  An orc knight (D:10)
  An oklob plant (Lair:1)
  4 cane toads (Lair:1)
  A gargoyle (D:10)
  3 unseen horrors
  An efreet (D:10)
  4 komodo dragons
  2 trolls (D:10)
  A polar bear (Lair:1)
  Grinder (D:5)
  Sigmund (D:4)
  4 water elementals (D:10)
  2 wraiths
  5 wyverns
  19 yaks
  Grum (D:8)
  4 fire bats (D:8)
  2 basilisks
  2 steam dragons
  Menkaure (D:7)
  3 nagas (Lair:2)
  4 acid dragons (D:10)
  A hell hound (D:8)
  Duvessa (D:4)
  10 water moccasins
  6 orc warriors
  6 sky beasts
  5 black bears
  An ice beast (D:7)
  2 necrophages
  2 centaurs
  An ogre (D:6)
  23 wolves
  5 bullfrogs
  2 kobold brigands (D:10)
  A gnoll sergeant (D:8)
  A wyvern zombie (D:7)
  A scorpion (D:5)
  Dowan (D:4)
  2 wyvern skeletons (D:6)
  8 killer bees
  8 wights
  8 howler monkeys
  2 lava snakes (D:8)
  14 centaur zombies
  4 jellies
  4 hounds
  9 orc priests
  2 bullfrog skeletons
  2 gnoll shamans (D:4)
  A centaur skeleton (D:7)
  Natasha (thrice) (D:2)
  11 orc wizards
  A howler monkey zombie (D:10)
  A howler monkey skeleton (D:6)
  16 gnolls
  7 adders
  4 white imps
  3 ufetubi
  An adder skeleton (D:4)
  A worm (D:4)
  24 orcs
  11 bats
  6 endoplasms
  6 giant cockroaches
  9 hobgoblins
  An iguana (D:3)
  4 jackals (D:2)
  9 kobolds
  3 quokkas
  3 ball pythons
  2 frilled lizards (D:3)
  8 goblins
  4 rats
  2 fire vortices (D:8)
346 creatures vanquished.

Vanquished Creatures (others)
  4 bushes (D:10)
  A fire vortex (D:8)
  12 fungi
  38 plants
55 creatures vanquished.

Grand Total: 401 creatures vanquished

Notes
Turn   | Place    | Note
-------+----------+-------------------------------------------
     0 | D:1      | Majang the Djinni Ice Elementalist began the quest for the
                  | Orb.
     0 | D:1      | Reached XP level 1. HP: 15/15 MP: 0/0
   347 | D:1      | Reached XP level 2. HP: 18/21 MP: 0/0
  1069 | D:1      | Reached XP level 3. HP: 22/25 MP: 0/0
  1069 | D:1      | Learned a level 1 spell: Pain
  1254 | D:1      | Reached skill level 4 in Spellcasting
  1809 | D:2      | Noticed Natasha
  1816 | D:2      | Killed Natasha
  1817 | D:2      | Reached XP level 4. HP: 15/31 MP: 0/0
  2034 | D:2      | Noticed Natasha
  2326 | D:2      | Killed Natasha
  2555 | D:2      | Found a faded altar of an unknown god.
  2566 | D:2      | Noticed Natasha
  2573 | D:2      | Killed Natasha
  2574 | D:2      | Reached XP level 5. HP: 26/35 MP: 0/0
  2574 | D:2      | Learned a level 2 spell: Passwall
  3084 | D:3      | Reached skill level 5 in Spellcasting
  3735 | D:3      | Noticed a sky beast
  3741 | D:3      | Killed a sky beast
  3742 | D:3      | Reached XP level 6. HP: 28/40 MP: 0/0
  3889 | D:3      | Found a shimmering altar of Xom.
  4006 | D:3      | Reached skill level 6 in Spellcasting
  4303 | D:3      | Reached XP level 7. HP: 41/45 MP: 0/0
  4303 | D:3      | Learned a level 3 spell: Gell's Gravitas
  4785 | D:4      | Noticed Duvessa
  4785 | D:4      | Noticed Dowan
  4830 | D:4      | Identified a scroll of acquirement
  4830 | D:4      | Acquired a manual of Spellcasting
  4948 | D:4      | Reached skill level 1 in Fighting
  4972 | D:4      | Found an opulent altar of Gozag.
  4987 | D:4      | Found a broken altar of Ashenzari.
  5042 | D:4      | Reached skill level 1 in Staves
  5203 | D:4      | Reached skill level 7 in Spellcasting
  5203 | D:4      | Reached XP level 8. HP: 25/53 MP: 0/0
  5560 | D:5      | Entered Level 5 of the Dungeon
  5636 | D:4      | Found Goferiuz's Antique Armour Boutique.
  5636 | D:4      | Noticed Sigmund
  5884 | D:5      | Found a transporter.
  5884 | D:5      | Noticed a yak
  5885 | D:5      | Found a transporter.
  5885 | D:5      | Found a blossoming altar of Fedhas.
  6146 | D:5      | Noticed Grinder
  6195 | D:5      | Killed Grinder
  6805 | D:6      | Reached skill level 8 in Spellcasting
  7146 | D:6      | Reached XP level 9. HP: 35/60 MP: 0/0
  7146 | D:6      | Learned a level 3 spell: Inner Flame
  8057 | D:6      | Reached skill level 9 in Spellcasting
  8196 | D:6      | Reached skill level 5 in Dodging
  8762 | D:6      | Killed an unseen horror
  9267 | D:7      | Noticed Menkaure
  9788 | D:7      | Found a hide-covered altar of Uskayaw.
  9879 | D:7      | Found a staircase to the Ecumenical Temple.
  9890 | Temple   | Entered the Ecumenical Temple
  9939 | Temple   | Became a worshipper of Makhleb the Destroyer
 10283 | D:4      | Reached XP level 10. HP: 64/69 MP: 0/0
 10601 | D:4      | Killed Duvessa
 10602 | D:4      | Reached skill level 10 in Spellcasting
 10602 | D:4      | Reached skill level 1 in Invocations
 10613 | D:4      | Killed Dowan
 10830 | D:4      | Killed Sigmund
 10831 | D:4      | Reached skill level 5 in Fighting
 11309 | D:7      | Reached * piety under Makhleb
 11324 | D:7      | Killed Menkaure
 11557 | D:7      | Found an iron altar of Okawaru.
 11906 | D:8      | Reached skill level 5 in Staves
 11922 | D:8      | Noticed Grum
 11929 | D:8      | Killed Grum
 12118 | D:8      | Noticed a two-headed ogre
 12133 | D:8      | Killed a two-headed ogre
 12134 | D:8      | Reached skill level 11 in Spellcasting
 12165 | D:8      | Found a glowing golden altar of the Shining One.
 12223 | D:8      | Reached XP level 11. HP: 65/76 MP: 0/0
 12223 | D:8      | Learned a level 5 spell: Lee's Rapid Deconstruction
 12360 | D:8      | Reached ** piety under Makhleb
 12549 | D:8      | Identified the Grimoire of Dusty Snow
 12778 | D:8      | Found a runed translucent gate.
 12778 | D:8      | Found a runed translucent gate.
 12778 | D:8      | Found a runed translucent gate.
 12780 | D:8      | Noticed grizmgrazm2's ghost (novice TrTm)
 12808 | D:8      | Killed grizmgrazm2's ghost
 14313 | D:9      | Found a basalt altar of Yredelemnul.
 14570 | D:10     | Entered Level 10 of the Dungeon
 14892 | D:10     | Reached skill level 12 in Spellcasting
 14958 | D:10     | Reached skill level 5 in Invocations
 14978 | D:10     | Noticed a two-headed ogre
 14995 | D:10     | Killed a two-headed ogre
 14995 | D:10     | Reached *** piety under Makhleb
 14996 | D:10     | Reached XP level 12. HP: 76/85 MP: 0/0
 15291 | D:10     | Noticed an ogre mage
 15296 | D:10     | Killed an ogre mage
 16510 | D:10     | Reached **** piety under Makhleb
 16724 | D:10     | Found Duhais's Weapon Shoppe.
 16732 | D:10     | Bought a +2 spectral lajatang for 742 gold pieces
 16755 | D:10     | Found a staircase to the Orcish Mines.
 16871 | D:10     | Found a staircase to the Lair.
 16932 | D:10     | Found Reklu's Armour Shoppe.
 17196 | Lair:1   | Entered Level 1 of the Lair of Beasts
 17551 | Lair:1   | Reached XP level 13. HP: 91/92 MP: 0/0
 17551 | Lair:1   | Learned a level 5 spell: Summon Forest
 17810 | Lair:1   | Noticed a six-headed hydra
 17834 | Lair:1   | Killed a six-headed hydra
 19384 | Lair:2   | Found a staircase to the Snake Pit.
 19393 | Lair:2   | Reached skill level 13 in Spellcasting
 19612 | Lair:2   | Noticed a seven-headed hydra
 19615 | Lair:2   | Killed a seven-headed hydra
 20119 | Lair:2   | Found a staircase to the Swamp.
 20139 | Lair:2   | Killed from afar by a bog body

Illustrated notes

Levels and vault maps discovered:
D:1:      elethiomel_arrival_maze, layout_basic, serial_rivers,
          chequers_serial_rivers_small_3, chequers_serial_rivers_small_b,
          chequers_serial_rivers_large_a, chequers_serial_rivers_micro_d,
          chequers_serial_rivers_marsh
D:2:      layout_basic, shapermc_ecumenical_altar_mp_ritualfount, minivault_4,
          uniq_natasha
D:3:      layout_basic, dk_xom_monty_hall, kennysheep_orc_chapel
D:4:      layout_rooms, nicolae_gozag_cash_rules_everything_around_me,
          lemuel_crystal_altar, serial_shops, shop_fountains, minmay_between,
          uniq_duvessa, uniq_sigmund
D:5:      layout_loops_ring, gammafunk_temple_overflow_arena, uniq_grinder
D:6:      minmay_chambers_of_sixes, layout_cave_pods
D:7:      layout_basic, kennysheep_mini_moat, okawaru_metal_pillars_1_2,
          minmay_temple_entry_glassed_door, uniq_menkaure
D:8:      layout_rooms, tso_altar, lemuel_crystal_altar,
          ebering_ghost_rock_garden, corner_web_ring, hangedman_incinerator,
          uniq_grum
D:9:      layout_stronghold, nicolae_overflow_hidden_temple,
          chequers_serial_rivers_micro_a
D:10:     nzn_winding_woodlands_stair_cross
          [nzn_winding_woodlands_5x15_longhouse,
          nzn_winding_woodlands_center_lodge, nzn_winding_woodlands_5x15_eye,
          nzn_winding_woodlands_5x5_closed_star,
          nzn_winding_woodlands_5x5_checkerboard,
          nzn_winding_woodlands_5x15_pockets,
          nzn_winding_woodlands_center_garden, nzn_winding_woodlands_5x15_pool],
          layout_cave_pools, minmay_lair_entry_grove, orc_0_dummy, serial_shops,
          nicolae_shop_window_shopping, nicolae_shop_trees,
          nicolae_underground_beach
Temple:   nicolae_temple_god_jail
Lair:1:   layout_gridlike, grunt_megastairs_2, minmay_lair_oklob_chamber,
          lemuel_fruit_fields, lemuel_fruit_tree
Lair:2:   layout_loops_ring, skrybe_swamp_entry_bodies,
          guppyfry_snake_entry_island, serial_bayou_shore_b, grunt_megastairs_1

Skill      XL: |  1  2  3  4  5  6  7  8  9 10 11 12 13 |
---------------+----------------------------------------+-----
Spellcasting   | 4 5 6 7 8 9 11 12 13 | 13.1
Fighting       | 1 3 4 5 7 8 |  8.8
Staves         | 1 2 4 5 6 7 8 |  8.0
Dodging        | 3 4 5 6 8 9 |  9.9
Invocations    | 3 5 6 7 |  7.3
Stealth        | |  1.5

Action                   |  1- 3 |  4- 6 |  7- 9 | 10-12 | 13-15 || total
-------------------------+-------+-------+-------+-------+-------++-------
Melee: Unarmed           |     1 |       |       |       |       ||     1
       Club              |     1 |       |       |       |       ||     1
       Whip              |       |     3 |    25 |       |       ||    28
       Flail             |       |       |    75 |       |       ||    75
       Quarterstaff      |       |       |    64 |   239 |       ||   303
       Lajatang          |       |       |       |    13 |    25 ||    38
       Staff             |       |       |       |       |     4 ||     4
 Cast: Freeze            |    40 |    21 |    28 |    13 |       ||   102
       Pain              |    13 |    42 |     6 |    42 |     3 ||   106
       Frozen Ramparts   |       |     9 |    40 |    55 |    13 ||   117
       Ozocubu's Armour  |       |     2 |    27 |    44 |     9 ||    82
       Gell's Gravitas   |       |       |     2 |     8 |     4 ||    14
       Hailstorm         |       |       |       |    21 |    11 ||    32
       Lee's Rapid Decon |       |       |       |    52 |    26 ||    78
       Inner Flame       |       |       |       |     7 |     2 ||     9
       Summon Forest     |       |       |       |       |     1 ||     1
Invok: Minor Destruction |       |       |       |       |     6 ||     6
       Major Destruction |       |       |       |       |     1 ||     1
Evoke: Wand              |       |       |    18 |     5 |     1 ||    24
  Use: Scroll            |       |       |     6 |    18 |     1 ||    25
       Potion            |       |       |     6 |       |     1 ||     7
 Stab: Sleeping          |     2 |     2 |       |       |       ||     4
       Paralysed         |       |       |    20 |       |       ||    20
Armor: Robe              |     3 |     5 |    76 |   178 |    10 ||   272
Dodge: Dodged            |    17 |    12 |   142 |   320 |    45 ||   536

Table legend: (Time is in decaauts)
 A = Elapsed time spent in this place.
 B = Non-inter-level travel time spent in this place.
 C = Inter-level travel time spent in this place.
 D = Time resting spent in this place.
 E = Time spent auto-exploring this place.
 F = Levels seen in this place.
 G = Mean time per level.
                   A        B        C        D        E       F      G
               +--------+--------+--------+--------+--------+-----+--------+
         Total |  20172 |  19516 |    656 |   9295 |   7192 |  13 | 1551.7 |
       Dungeon |  17165 |  16554 |    611 |   7705 |   6216 |  10 | 1716.5 |
        Temple |     71 |     56 |     15 |      0 |      0 |   1 |   71.0 |
          Lair |   2935 |   2906 |     29 |   1590 |    976 |   2 | 1467.5 |
               +--------+--------+--------+--------+--------+-----+--------+

Top non-repeatable levels by time:
     D:6: 2839 daAuts
    D:10: 2621 daAuts
  Lair:1: 2131 daAuts
     D:1: 1962 daAuts
     D:4: 1631 daAuts
     D:3: 1526 daAuts
     D:7: 1381 daAuts
     D:2: 1369 daAuts
     D:9: 1354 daAuts
     D:5: 1279 daAuts
     D:8: 1199 daAuts
  Lair:2: 803 daAuts
  Temple: 71 daAuts
